 Dungeon Crawl Stone Soup version 0.26-a0-547-g695e311587 (webtiles) character file.

Game seed: 2650213192454394863

4 Aksej the Firebug (level 1, 0/17 HPs)
             Began as a Gnoll Wanderer on Aug 20, 2020.
             Killed from afar by a dart slug (6 damage)
             ... with a slug dart
             ... on level 1 of the Dungeon.
             The game lasted 00:01:02 (223 turns).

Aksej the Firebug (Gnoll Wanderer)                   Turns: 223, Time: 00:01:03

Health: 0/17       AC:  3    Str: 13    XL:     1   Next: 70%
Magic:  4/4        EV: 11    Int: 16    God:
Gold:   32         SH:  0    Dex: 13    Spells: 5/5 levels left

rFire    . . .     SeeInvis .   a - -3 whip (curse)
rCold    . . .     Faith    .   (no shield)
rNeg     . . .     Spirit   .   c - +0 leather armour (curse)
rPois    .         Reflect  .   (no helmet)
rElec    .         Harm     .   (no cloak)
rCorr    .                      (no gloves)
MR       .....                  (no boots)
Stlth    +.........             (no amulet)
HPRegen  0.05/turn              (no ring)
MPRegen  0.09/turn              (no ring)

@: no status effects
A: distributed training, fangs 1, strong nose
a: no special abilities


You were on level 1 of the Dungeon.
You visited 1 branch of the dungeon, and saw 1 of its levels.

You collected 32 gold pieces.

Inventory:

Hand Weapons
 a - a cursed -3 whip (weapon)
 b - a +0 hand crossbow
Missiles
 d - 26 bolts
Armour
 c - a cursed +0 leather armour (worn)


   Skills:
 + Level 2.4 Fighting
 + Level 0.1 Short Blades
 + Level 0.1 Long Blades
 + Level 0.1 Axes
 + Level 0.1 Maces & Flails
 + Level 0.1 Polearms
 + Level 0.1 Staves
 + Level 0.1 Slings
 + Level 0.1 Bows
 + Level 2.4 Crossbows
 + Level 0.1 Throwing
 + Level 2.4 Armour
 + Level 0.1 Dodging
 + Level 0.1 Stealth
 + Level 2.4 Shields
 + Level 0.1 Unarmed Combat
 + Level 2.6 Spellcasting
 + Level 0.1 Conjurations
 + Level 0.1 Hexes
 + Level 2.0 Summonings
 + Level 0.1 Necromancy
 + Level 0.1 Translocations
 + Level 0.1 Transmutations
 + Level 5.3 Fire Magic
 + Level 0.1 Ice Magic
 + Level 0.1 Air Magic
 + Level 0.1 Earth Magic
 + Level 0.1 Poison Magic
 + Level 0.2 Invocations
 + Level 2.4 Evocations


You had 5 spell levels left.
You didn't know any spells.
Your spell library contained the following spells:

 Spells                   Type           Power        Failure   Level
 Call Imp                 Summ           #.......     17%         2
 Apportation              Tloc           #.....       24%         1
 Magic Dart               Conj           #...         24%         1
 Conjure Flame            Conj/Fire      ##......     24%         3
 Blink                    Tloc           N/A          34%         2
 Slow                     Hex            #.......     34%         2
 Mephitic Cloud           Conj/Pois/Air  #.......     56%         3
 Portal Projectile        Hex/Tloc       #.....       56%         3


Dungeon Overview and Level Annotations

Branches:
Dungeon (1/15)

Altars:


Innate Abilities, Weirdness & Mutations

Your experience applies equally to all skills.
You have very sharp teeth.
Your uncanny sense of smell can sniff out nearby items.


Message History

The goblin hits you with a +0 club. The goblin misses you.
The goblin completely misses you. The bat hits you but does no damage.
The goblin hits you with a +0 club. The goblin hits you but does no damage.
The dart slug closely misses you.
You hit the goblin but do no damage. You bite the goblin, but do no damage.
The bat closely misses you. The bat hits you but does no damage.
The goblin closely misses you.
The goblin hits you but does no damage. x2
The bat hits you but does no damage. The bat misses you.
The goblin barely misses you. The bat closely misses you.
The goblin closely misses you. The goblin hits you with a +0 club.
The bat barely misses you.
The goblin hits you with a cursed -1 club.
The goblin hits you but does no damage.
You hit the bat but do no damage. The bat completely misses you.
The bat hits you but does no damage. The goblin hits you but does no damage.
The goblin hits you with a +0 dagger. The dart slug launches a dart at you.
The slug dart hits you.
You die...

#.###.#...### ∆#.#.
#.###...# .#... #.#
###.# ....# #.# #.##
#...###>## #..##
#........# ##..#
##....?...## ##.##
#.....b....# #..#
#....@...## ##.####
#...gggw..#####....#
#..[....#........#.#
∆
#.......########...#
#.......# ###.#
......$..... ##
..###.......... .
......##### ###...##


You could see a dart slug, 3 goblins and a bat.

Vanquished Creatures
  A goblin (D:1)
  2 hobgoblins (D:1)
  A bat (D:1)
4 creatures vanquished.

Notes
Turn   | Place    | Note
-------+----------+-------------------------------------------
     0 | D:1      | Aksej the Gnoll Wanderer began the quest for the Orb.
     0 | D:1      | Aksej set off with the following items: a +0 hand crossbow,
                  | 26 bolts, a +0 robe; and the following spells available to
                  | memorise: Call Imp, Apportation, Magic Dart, Conjure Flame,
                  | Blink, Slow, Mephitic Cloud, Portal Projectile
     0 | D:1      | Reached XP level 1. HP: 17/17 MP: 4/4
   223 | D:1      | Killed from afar by a dart slug

Illustrated notes

Levels and vault maps discovered:
D:1:      nicolae_arrival_memento_mori, layout_rooms, st_stairs_13

Skill      XL: |  1 |
---------------+----+-----
Summonings     | 2 |  2.0
Fighting       | |  2.4
Short Blades   | |  0.1
Long Blades    | |  0.1
Axes           | |  0.1
Maces & Flails | |  0.1
Polearms       | |  0.1
Staves         | |  0.1
Slings         | |  0.1
Bows           | |  0.1
Crossbows      | |  2.4
Throwing       | |  0.1
Armour         | |  2.4
Dodging        | |  0.1
Stealth        | |  0.1
Shields        | |  2.4
Unarmed Combat | |  0.1
Spellcasting   | |  2.6
Conjurations   | |  0.1
Hexes          | |  0.1
Necromancy     | |  0.1
Translocations | |  0.1
Transmutations | |  0.1
Fire Magic     | |  5.3
Ice Magic      | |  0.1
Air Magic      | |  0.1
Earth Magic    | |  0.1
Poison Magic   | |  0.1
Invocations    | |  0.2
Evocations     | |  2.4

Action                   || total
-------------------------++-------
Melee: Whip              ||    11
       Bite              ||     2
 Fire: Hand crossbow     ||     9
Armor: Leather armour    ||    22
       Robe              ||     5
Dodge: Dodged            ||    34

Table legend: (Time is in decaauts)
 A = Elapsed time spent in this place.
 B = Non-inter-level travel time spent in this place.
 C = Inter-level travel time spent in this place.
 D = Time resting spent in this place.
 E = Time spent auto-exploring this place.
 F = Levels seen in this place.
 G = Mean time per level.
                   A        B        C        D        E       F      G
               +--------+--------+--------+--------+--------+-----+--------+
         Total |    226 |    226 |      0 |      0 |    137 |   1 |  226.0 |
       Dungeon |    226 |    226 |      0 |      0 |    137 |   1 |  226.0 |
               +--------+--------+--------+--------+--------+-----+--------+

Top non-repeatable levels by time:
     D:1: 226 daAuts
